 Dungeon Crawl Stone Soup version 0.27.0-1-g7a089689b8 (webtiles) character file.

Game seed: 13141431052750146447

96 Descartes the Sneak (level 4, 0/21 HPs)
             Began as a Felid Wanderer on Aug 14, 2021.
             Succumbed to an adder's poison
             ... on level 4 of the Dungeon.
             The game lasted 00:04:23 (3555 turns).

Descartes the Sneak (Felid Wanderer)                Turns: 3555, Time: 00:04:24

Health: 0/21       AC:  1    Str:  8    XL:     4   Next: 41%
Magic:  5/5        EV: 18    Int: 15    God:
Gold:   141        SH:  0    Dex: 14    Spells: 3/3 levels left
                                        Lives:  0   Deaths: 1

rFire    . . .     SeeInvis +     - Unarmed
rCold    . . .     Faith    .   (shield unavailable)
rNeg     . . .     Spirit   .   (armour unavailable)
rPois    .         Reflect  .   (helmet unavailable)
rElec    .         Harm     .   (cloak unavailable)
rCorr    .         Rampage  .   (gloves unavailable)
Will     .....                  (boots unavailable)
Stlth    +++.......             (no amulet)
HPRegen  0.07/turn              (no ring)
MPRegen  0.09/turn              (no ring)

@: lethally poisoned (0 -> -1), quick
A: very small, claws 1, fangs 3, see invisible, speed 1, shaggy fur 1, stealthy
paws, no weapons or thrown items, no armour, multi-lived
a: no special abilities


You were on level 4 of the Dungeon.
You visited 1 branch of the dungeon, and saw 4 of its levels.

You collected 141 gold pieces.

Inventory:

Wands
 g - a wand of mindburst (10)
Scrolls
 c - 2 scrolls of teleportation
 e - 2 scrolls of fear {unknown}
 f - 2 scrolls of identify {unknown}
 h - a scroll of brand weapon {unknown}
Potions
 a - 4 potions of haste
 d - a potion of lignification


   Skills:
 - Level 3.0 Fighting
 + Level 4.6 Dodging
 + Level 4.9 Stealth
 + Level 4.1 Unarmed Combat


You had 3 spell levels left.
You didn't know any spells.
Your spell library was empty.

Dungeon Overview and Level Annotations

Branches:
Dungeon (4/15)
 Temple: D:4-7

Altars:

Annotations:
D:2 1 runed translucent door, Crazy Yiuf
D:3 2 transporters, SkaryMonk's ghost, amateur MiBe


Innate Abilities, Weirdness & Mutations

You have sharp claws.
You have razor-sharp teeth.
You have supernaturally acute eyesight. (SInv)
You cover ground quickly. (Speed+)
You are covered in fur. (AC +1)
Your paws help you pounce on unaware monsters.
You are incapable of wielding weapons or throwing items.
You cannot wear armour.
You gain extra lives every three experience levels.


Message History

The adder is severely wounded.
You feel sick. The adder closely misses you. The adder misses you.
You closely miss the adder.
The adder is severely wounded.
You feel sick. The adder bites you.
* * * LOW HITPOINT WARNING * * *
You scratch the adder.
The adder is almost dead.
* * * LOW HITPOINT WARNING * * *
You feel sick. The adder bites you but does no damage.
* * * LOW HITPOINT WARNING * * *
You feel sick.
You are too injured to fight recklessly!
You feel much better.
You feel sick. The adder completely misses you. The adder bites you.
You scratch the adder but do no damage.
The adder is almost dead.
You feel sick.
You are no longer poisoned.
The adder bites you.
You are poisoned.
The adder poisons you!
You closely miss the adder.
The adder is almost dead.
You feel sick. The adder closely misses you.
Unknown command.
You claw the adder!
You kill the adder!
You feel sick.
You barely miss the iguana.
You feel sick. The iguana closely misses you.
You scratch the iguana but do no damage.
You feel sick. The iguana bites you.
* * * LOW HITPOINT WARNING * * *
Unknown command.
You barely miss the iguana.
You feel sick. The iguana misses you.
You scratch the iguana but do no damage.
The iguana bites you.
* * * LOW HITPOINT WARNING * * *
You scratch the iguana but do no damage.
You die...

..#.# #.#.# ##### #...#
... ....# #.# #+## #...#
#.# #...# ##.## #.####
#..... ##.# ##.##.##
#......
.#.######.#....####.......
.........###....@l'.......
.#.######.#....####.......
##.# #.........# #......
##.# #.#.......# #.....
#.# # #####...# #...# #.#
...## #+## #.# ###.# #.#
#.# #.#


You could see an iguana.

Vanquished Creatures
  An orc priest (D:4)
  6 adders
  An adder skeleton (D:2)
  A worm (D:3)
  A dart slug (D:1)
  An orc (D:4)
  6 ball pythons
  6 bats
  6 endoplasms
  2 giant cockroaches
  4 goblins
  5 hobgoblins
  5 jackals
  2 quokkas
  3 frilled lizards
  4 kobolds
  5 rats
59 creatures vanquished.

Notes
Turn   | Place    | Note
-------+----------+-------------------------------------------
     0 | D:1      | Descartes the Felid Wanderer began the quest for the Orb.
     0 | D:1      | Descartes set off with the following items: a potion of
                  | haste, a potion of heal wounds, a scroll of teleportation,
                  | a potion of lignification
     0 | D:1      | Reached XP level 1. HP: 10/10 MP: 2/2
   594 | D:1      | Reached XP level 2. HP: 9/14 MP: 3/3
   995 | D:2      | Found a faded altar of an unknown god.
  1129 | D:2      | Found a runed translucent door.
  1130 | D:2      | Noticed Crazy Yiuf
  1170 | D:2      | Reached XP level 3. HP: 17/17 MP: 4/4
  1995 | D:2      | Reached XP level 4. HP: 6/21 MP: 5/5
  2564 | D:3      | Found a transporter.
  2564 | D:3      | Noticed SkaryMonk's ghost (amateur MiBe)
  2570 | D:3      | Noticed an orc warrior
  3133 | D:3      | Found a transporter.
  3358 | D:4      | Slain by an iguana
  3359 | D:4      | Reached XP level 3. HP: -2/17 MP: 4/4
  3476 | D:4      | Reached XP level 4. HP: 21/21 MP: 5/5
  3554 | D:4      | HP: 1/21 [iguana (3)]
  3555 | D:4      | Succumbed to an adder's poison

Illustrated notes

Levels and vault maps discovered:
D:1:      lemuel_arrival_rhombus, layout_basic, amethyst_killhole,
          serial_bayou_pond_b
D:2:      layout_basic, serial_aquarium, aquarium_bridge_square
          [aquarium_subvault_wall, aquarium_subvault_wall,
          aquarium_subvault_bridge, aquarium_subvault_wall], aquarium_window_2,
          aquarium_window_corridor_3, aquarium_view_2c, aquarium_view_2d,
          aquarium_pool_1, shapermc_ecumenical_altar_totnotflames,
          uniq_crazy_yiuf_cottage
D:3:      layout_loops_ring, gammafunk_ghost_arena
D:4:      layout_loops_corners

Skill      XL: |  1  2  3  4 |
---------------+-------------+-----
Stealth        | 3 4 |  4.9
Dodging        | 3 4 |  4.6
Unarmed Combat | 4 |  4.1
Fighting       | |  3.0

Action                   |  1- 3 |  4- 6 || total
-------------------------+-------+-------++-------
Melee: Unarmed           |   121 |    91 ||   212
       Bite              |    11 |     3 ||    14
       Punch             |       |     1 ||     1
  Use: Potion            |       |     2 ||     2
 Stab: Sleeping          |     9 |     5 ||    14
       Distracted        |     1 |       ||     1
Armor: Skin              |     6 |     7 ||    13
Dodge: Dodged            |    93 |    61 ||   154
